 Dungeon Crawl Stone Soup version 0.31.0-12-g77e489cdc1 (webtiles) character file.

Game seed: 15430519201446863760

183 Killerpretzel the Changeling (level 5, -1/35 HPs)
             Began as an Octopode Shapeshifter on Mar 6, 2024.
             Was an Initiate of Vehumet.
             Slain by a jackal (2 damage)
             ... on level 4 of the Dungeon.
             The game lasted 00:02:34 (3032 turns).

Killerpretzel the Changeling (OpSh)                 Turns: 3032, Time: 00:02:35

Health: -1/35      AC:  1    Str: 14    XL:     5   Next: 62%
Magic:  5/5        EV: 14    Int: 12    God:    Vehumet [......]
Gold:   274        SH:  0    Dex: 19    Spells: 4/4 levels left

rFire   . .          .
                       - Unarmed
rCold   . . .        (no shield)
rNeg    . . .        (helmet currently unavailable)
rPois   .            (no amulet)
rElec   .            e - +6 ring of dexterity
rCorr   .            (no ring)
SInv    .            (no ring)
Will    .....        (no ring)
Stlth   +            (no ring)
HPRegen 0.25/turn    (no ring)
MPRegen 0.09/turn    (no ring)
                     (no ring)

%: no passive effects
@: on fire, beast-form, glowing
A: beast (slay +2), almost no armour, amphibious, 8 rings, camouflage 1,
gelatinous body 1, (nimble swimmer 1), tentacles
a: Begin Untransformation, Renounce Religion


You were on level 4 of the Dungeon.
You worshipped Vehumet.
Vehumet was noncommittal.
You were a hulking beast.
You visited 2 branches of the dungeon, and saw 5 of its levels.

You collected 274 gold pieces.

Inventory:

Jewellery
 e - a +6 ring of dexterity (left tentacle)
Talismans
 b - a beast talisman
 c - a flux talisman
Scrolls
 h - 2 scrolls of immolation {unknown}
 m - a scroll of revelation
Potions
 a - a potion of lignification
 d - a potion of might {unknown}
 f - 3 potions of curing
 g - 2 potions of resistance {unknown}
 i - a potion of enlightenment {unknown}
 j - 2 potions of attraction {unknown}
 l - 2 potions of magic {unknown}


   Skills:
 + Level 2.3 Fighting
 + Level 3.0 Dodging
 + Level 3.8 Unarmed Combat
 * Level 4.3 Shapeshifting


You had 4 spell levels left.
You didn't know any spells.
Your spell library contained the following spells:

 Spells                   Type           Power      Damage    Failure   Level
 Freeze                   Ice            0%         1d3       32%         1
 Frozen Ramparts          Ice            0%         1d1       69%         3
 Hailstorm                Conj/Ice       0%         3d5       69%         3
 Inner Flame              Hex/Fire       0%         N/A       69%         3
 Flame Wave               Conj/Fire      0%         2d4       97%         4
 Sticky Flame             Fire/Alch      0%         2d4       97%         4


Dungeon Overview and Level Annotations

Branches:
Dungeon (4/15)             Temple (1/1) D:4

Altars:
Dithmenos
Fedhas
Gozag
Hepliaklqana
Kikubaaqudgha
Makhleb
Nemelex Xobeh
Okawaru
Qazlal
Ru
Sif Muna
Trog
Uskayaw
Vehumet
Xom
Yredelemnul
Zin
The Shining One

Shops:
D:3 !


Innate Abilities, Weirdness & Mutations

You are a hulking beast.
Your limbs bulge with bestial killing power. (Slay +2)
You cannot wear most types of armour.
You are amphibious.
You can wear up to eight rings at the same time.
Your skin changes colour to match your surroundings (Stealth+).
Your rubbery body absorbs attacks. (AC +1, EV +1)
((You are camouflaged when in or above water. (Stealth+)))
You have tentacles for arms and can constrict up to eight enemies at once.


Message History

A jackal comes into view.
The jackal barks!
The jackal barks!
You tentacle-slap the jackal.
You kill the jackal!
Vehumet accepts your kill. The liquid fire burns you!
You shake off some of the fire as you move.
The liquid fire burns you!
You see here a +0 whip.
You tentacle-slap the bombardier beetle but do no damage.
You grab the bombardier beetle. The liquid fire burns you!
You constrict the bombardier beetle.
An adder comes into view.
You tentacle-slap the bombardier beetle.
The bombardier beetle is moderately wounded.
The liquid fire burns you!
* * * LOW HITPOINT WARNING * * *
You constrict the bombardier beetle, but do no damage.
The jackal bites you.
* * * LOW HITPOINT WARNING * * *
The bombardier beetle bites you.
* * * LOW HITPOINT WARNING * * *
You feel better. The liquid fire burns you!
* * * LOW HITPOINT WARNING * * *
You constrict the bombardier beetle, but do no damage.
A gnoll bouda comes into view. It is wielding a +0 club.
The jackal closely misses you.
The gnoll bouda shouts!
You tentacle-slap the bombardier beetle.
You squeeze the bombardier beetle.
The bombardier beetle is almost dead.
The liquid fire burns you!
* * * LOW HITPOINT WARNING * * *
You constrict the bombardier beetle, but do no damage.
You hear a shout!
The jackal bites you.
You die...

#. .B #. #. # #####.## . #
.. #......######..g. ... #.#
#..Bhhh..S..# ##
..##.####.######.### # #.
.....##.# #.##. ##.#.##.#
.... #..<....# ##^## ####.
#.......# #...# #...†
#....##)# #...# #.##.
########....##.### #...# #)
....#............###...#####
#.


You could see a gnoll bouda, a bombardier beetle, an adder and 2 jackals.

Vanquished Creatures
  A hound (D:4)
  Jessica (D:2)
  2 adders (D:2)
  4 gnolls (D:4)
  4 dart slugs
  A ribbon worm (D:2)
  3 orcs
  6 ball pythons
  4 endoplasms
  3 giant cockroaches
  5 goblins
  3 hobgoblins
  2 jackals (D:4)
  3 quokkas
  3 bats
  4 frilled lizards
  5 kobolds
  3 rats
57 creatures vanquished.

Notes
Turn   | Place    | Note
-------+----------+-------------------------------------------
     0 | D:1      | Killerpretzel the Octopode Shapeshifter began the quest for
                  | the Orb.
     0 | D:1      | Reached XP level 1. HP: 13/13 MP: 1/1
   296 | D:1      | Reached XP level 2. HP: 18/18 MP: 2/2
   904 | D:2      | Noticed Jessica
   912 | D:2      | Killed Jessica
   913 | D:2      | Reached XP level 3. HP: 12/24 MP: 3/3
   996 | D:2      | Reached XP level 4. HP: 21/29 MP: 4/4
  1893 | D:3      | Found Umi Axub's Distillery.
  2140 | D:3      | Found a shadowy altar of Dithmenos.
  2633 | D:4      | Reached skill level 4 in Shapeshifting
  2633 | D:4      | Reached XP level 5. HP: 23/34 MP: 5/5
  2934 | D:4      | Found a staircase to the Ecumenical Temple.
  2952 | Temple   | Entered the Ecumenical Temple
  2970 | Temple   | Became a worshipper of Vehumet
  3030 | D:4      | HP: 1/35 [bombardier beetle (2)]
  3032 | D:4      | Slain by a jackal

Illustrated notes

Levels and vault maps discovered:
D:1:      dpeg_arrival_boxes_within_box, layout_loops_ring, minmay_pentomino_p2
D:2:      layout_basic, uniq_jessica
D:3:      layout_loops_ring, old_standard_altar, serial_shops,
          nicolae_shop_window_shopping, kennysheep_generic_room_12
D:4:      layout_loops_cross, temple_green
Temple:   bh_familiar_temple

Skill      XL: |  1  2  3  4  5 |
---------------+----------------+-----
Fighting       | 2 |  2.3
Shapeshifting  | 4 |  4.3
Dodging        | 3 |  3.0
Unarmed Combat | |  3.8

Action                     |  1- 3 |  4- 6 || total
---------------------------+-------+-------++-------
  Melee: Unarmed           |    40 |    73 ||   113
         Tentacles         |    11 |     9 ||    20
         Constrict         |    10 |    15 ||    25
         Punch             |     1 |     1 ||     2
    Use: Scroll            |     2 |     5 ||     7
         Potion            |       |     2 ||     2
   Stab: Sleeping          |     8 |     8 ||    16
 Armour: Skin              |    13 |    38 ||    51
  Dodge: Dodged            |    13 |    33 ||    46
